 Dungeon Crawl Stone Soup version 0.26-a0-30-g56b8cd3df0 (webtiles) character file.

Game seed: 14722636341417347109, levelgen mode: deterministic

152194 vurker the Thaumaturge (level 17, -26/153 HPs)
             Began as a Naga Venom Mage on May 31, 2020.
             Was the Champion of Vehumet.
             Hit by a javelin thrown by a merfolk javelineer (29 damage)
             ... on level 4 of the Shoals.
             The game lasted 01:36:07 (36940 turns).

vurker the Thaumaturge (Naga Venom Mage)           Turns: 36940, Time: 01:36:08

Health: -26/153    AC: 17    Str: 12    XL:     17   Next: 57%
Magic:  44/44      EV: 11    Int: 21    God:    Vehumet [******]
Gold:   1740       SH: 17    Dex: 12    Spells: 14/45 levels left

rFire    + . .     SeeInvis +   A - +1 dagger (elec)
rCold    + . .     Gourm    .   N - +0 tower shield
rNeg     . . .     Faith    .   i - +2 robe {MR+}
rPois    +         Spirit   .   g - +1 helmet
rElec    .         Reflect  .   E - scarf {rC+ rF+}
rCorr    .         Harm     .   P - +2 pair of gloves
MR       +++..                  (no barding)
Stlth    ++........             J - amulet of magic regeneration
HPRegen  0.35/turn              I - +4 ring of protection
MPRegen  0.54/turn              B - ring of magical power

@: very slightly contaminated, invisible, very slow
A: large, see invisible, deformed body, poison resistance, slowness 2, slow
metabolism 1, spit poison 1, constrict 1, AC +5
a: Spit Poison, Renounce Religion


You were on level 4 of the Shoals.
You worshipped Vehumet.
Vehumet was exalted by your worship.
You were not hungry.

You visited 5 branches of the dungeon, and saw 28 of its levels.

You collected 2237 gold pieces.
You spent 497 gold pieces at shops.

Inventory:

Hand Weapons
 A - a +1 dagger of electrocution (weapon)
   (You took it off an orc on level 6 of the Dungeon)
Missiles
 S - 6 throwing nets (quivered)
Armour
 g - a +1 helmet (worn)
   (You bought it in a shop on level 2 of the Orcish Mines)
 i - a +2 robe of magic resistance (worn)
   (You took it off an orc sorcerer on level 2 of the Orcish Mines)
 E - a scarf of resistance (worn)
   (You found it on level 8 of the Dungeon)
 F - the +0 pair of gloves of Panentheism {*Corrode rC+ Slay+2 SInv}
   (You found it on level 1 of the Lair of Beasts)

   It affects your accuracy and damage with ranged weapons and melee attacks
   (+2).
   It protects you from cold.
   It lets you see invisible.
   It may corrode you when you take damage.
 N - a +0 tower shield (worn)
   (You found it on level 10 of the Dungeon)
 P - a +2 pair of gloves (worn)
   (You found it on level 11 of the Dungeon)
Magical Staves
 l - an uncursed staff of air
   (You found it on level 1 of the Shoals)
 U - an uncursed staff of summoning {unknown}
   (You found it on level 4 of the Shoals)
Jewellery
 y - an uncursed ring of ice
   (You found it on level 7 of the Dungeon)
 B - a ring of magical power (right hand)
   (You found it on level 6 of the Dungeon)
 I - a +4 ring of protection (left hand)
   (You found it on level 11 of the Dungeon)
 J - an amulet of magic regeneration (around neck)
   (You found it on level 10 of the Dungeon)
 M - an uncursed ring of ice
   (You found it on level 4 of the Dungeon)
 R - an uncursed ring of protection from cold
   (You found it on level 5 of the Lair of Beasts)
Wands
 c - a wand of disintegration (12)
   (You found it on level 2 of the Shoals)
 t - a wand of flame (16)
   (You took it off Sonja on level 11 of the Dungeon)
 u - a wand of paralysis (19)
   (You found it on level 5 of the Dungeon)
 v - a wand of digging (6)
   (You took it off an orc on level 11 of the Dungeon)
 w - a wand of polymorph (14)
   (You found it on level 6 of the Dungeon)
 x - a wand of acid (8)
   (You found it on level 6 of the Dungeon)
 H - a wand of enslavement (19)
   (You found it on level 9 of the Dungeon)
Scrolls
 b - 2 scrolls of enchant armour
 d - a scroll of silence
 h - 7 scrolls of remove curse
 j - 5 scrolls of teleportation
 m - 6 scrolls of magic mapping
 n - 2 scrolls of amnesia
 r - 7 scrolls of fog
 s - a scroll of torment {unknown}
 K - 6 scrolls of immolation
 L - 2 scrolls of identify
Potions
 f - 6 potions of lignification
 k - a potion of heal wounds
 o - 7 potions of curing
 p - 5 potions of brilliance
 q - a potion of invisibility
 z - 2 potions of flight
 D - 2 potions of mutation
 G - a potion of resistance
 Q - 6 potions of haste
Comestibles
 e - 58 rations
 T - a chunk of flesh


   Skills:
 - Level 10.0 Fighting
 - Level 5.0 Dodging
 - Level 3.0 Stealth
 * Level 13.3 Shields
 * Level 14.7 Spellcasting
 - Level 10.0 Conjurations
 - Level 1.0 Transmutations
 - Level 2.0 Fire Magic
 + Level 11.5 Ice Magic
 - Level 2.0 Air Magic
 + Level 8.0 Earth Magic
 - Level 10.0 Poison Magic


You had 14 spell levels left.
You knew the following spells:

 Your Spells              Type           Power        Failure   Level  Hunger
a - Ozocubu's Refrigerat  Ice            ######....   2%          6    #####..
b - Iron Shot             Conj/Erth      ######....   6%          6    #####..
c - Poisonous Vapours     Pois/Air       #####.       1%          2    None
d - Orb of Destruction    Conj           ######....   21%         7    ######.
q - Olgreb's Toxic Radia  Pois           ######..     1%          4    None
w - Ignite Poison         Fire/Tmut/Pois ####....     1%          3    None
x - Mephitic Cloud        Conj/Pois/Air  #####...     1%          3    None

Your spell library contained the following spells:

 Spells                   Type           Power        Failure   Level  Hunger
 Magic Dart               Conj           ####         1%          1    None
 Shock                    Conj/Air       ####         1%          1    None
 Sting                    Tmut/Pois      ####         1%          1    None
 Searing Ray              Conj           ######       1%          2    None
 Dazzling Flash           Conj/Hex       #####.       1%          3    None
 Ozocubu's Armour         Chrm/Ice       #####...     1%          3    None
 Static Discharge         Conj/Air       #####...     1%          3    None
 Fulminant Prism          Conj/Hex       #####.....   1%          4    None
 Iskenderun's Mystic Bla  Conj/Tloc      #####...     1%          4    None
 Fireball                 Conj/Fire      #####.....   3%          5    ###....
 Lightning Bolt           Conj/Air       #####.....   3%          5    ###....
 Ice Form                 Ice/Tmut       #####...     4%          4    None
 Infusion                 Chrm           ###.         5%          1    None
 Summon Butterflies       Summ           ###.....     5%          1    None
 Swiftness                Chrm/Air       ###.....     5%          2    None
 Summon Ice Beast         Ice/Summ       #####...     5%          4    None
 Airstrike                Air            ###.......   7%          4    None
 Shroud of Golubria       Chrm/Tloc      ###...       9%          2    None
 Song of Slaying          Chrm           ###.....     9%          2    None
 Freezing Cloud           Conj/Ice/Air   #####.....   10%         6    #####..
 Metabolic Englaciation   Hex/Ice        #####.....   14%         5    ###....
 Call Canine Familiar     Summ           ###.....     17%         3    None
 Spectral Weapon          Hex/Chrm       ###.....     17%         3    None
 Starburst                Conj/Fire      #####.....   19%         6    #####..
 Simulacrum               Ice/Necr       #####.....   63%         6    #####..
 Summon Mana Viper        Hex/Summ       ###.....     83%         5    ###....
 Ring of Flames           Chrm/Fire      ###.......   100%        7    ######.
 Summon Hydra             Summ           ###.......   100%        7    ######.
 Ignition                 Fire           ###.......   100%        8    #######


Dungeon Overview and Level Annotations

Branches:
Dungeon (15/15)            Temple (1/1) D:7            Lair (6/6) D:11
 Shoals (4/4) Lair:3        Snake (0/4) Lair:4        Slime (0/5) Lair:6
    Orc (2/2) D:10            Elf (0/3) Orc:2        Vaults (0/5) D:14
 Depths (0/5) D:15

Altars:
Ashenzari
Cheibriados
Dithmenos
Elyvilon
Gozag
Hepliaklqana
Kikubaaqudgha
Makhleb
Nemelex Xobeh
Okawaru
Qazlal
Ru
Sif Muna
Uskayaw
Vehumet
Wu Jian
Xom
Yredelemnul
Zin
The Shining One
Jiyva
Lugonu

Shops:
D:7 (   D:14 *   Orc:2 ?(}[=   Shoals:1 (   Shoals:3 !

Portals:
Trove: D:14 (show slimy rune of Zot)

Annotations:
D:4 2 transporters
D:6 3 runed translucent doors, p0werm0de's ghost, novice OpFi
D:9 2 transporters, Lanoc's ghost, novice HaFE
D:14 1 runed translucent door, FrogZ's ghost, journeyman DsBe
D:15 3 runed translucent doors, Yorgos's ghost, journeyman GnFi
Lair:4 1 runed translucent door, Qata's ghost, journeyman OpVM
Shoals:4 exclusions: catoblepas and 1 more exclusion


Innate Abilities, Weirdness & Mutations

You cannot wear boots.
Your serpentine skin is tough. (AC +5)
You have supernaturally acute eyesight. (SInv)
Armour fits poorly on your strangely shaped body.
Your system is resistant to poisons. (rPois)
You cover ground very slowly.
You have a slow metabolism.
You can spit poison.
You can use your snake-like lower body to constrict enemies.


Message History

Unknown command.
You feel much better.
* * * LOW HITPOINT WARNING * * *
Your lungs strain for air!
You block the merfolk impaler's attack. You block the merfolk's attack.
The merfolk impaler hits you from afar with a +0 trident.
* * * LOW HITPOINT WARNING * * *
The snapping turtle bites you from afar!!
* * * LOW HITPOINT WARNING * * *
The water elemental barely misses you.
The merfolk impaler hits you from afar with a +4 trident of pain!!
* * * LOW HITPOINT WARNING * * *
You writhe in agony.
* * * LOW HITPOINT WARNING * * *
The merfolk impaler closely misses you.
Okay, then.
Okay, then.
Unknown command.
Okay, then.
Okay, then.
You feel much better.
* * * LOW HITPOINT WARNING * * *
Your lungs strain for air!
The merfolk javelineer seems to regain its courage.
The merfolk hits you from afar with a +0 trident.
* * * LOW HITPOINT WARNING * * *
You block the snapping turtle's attack.
The merfolk impaler hits you from afar with a +4 trident of pain.
* * * LOW HITPOINT WARNING * * *
The water elemental closely misses you.
Cornered, the merfolk javelineer turns to fight!
Unknown command.
You fade into invisibility!
* * * LOW HITPOINT WARNING * * *
Your lungs strain for air!
The merfolk impaler hits you but does no damage.
You writhe in agony.
* * * LOW HITPOINT WARNING * * *
The snapping turtle bites you from afar!
* * * LOW HITPOINT WARNING * * *
You block the merfolk's attack. The water elemental hits you.
* * * LOW HITPOINT WARNING * * *
You block the merfolk impaler's attack.
You are very lightly contaminated with residual magic.
You slip free of the water engulfing you.
You gasp with relief as air once again reaches your lungs.
The merfolk javelineer throws a javelin.
The javelin pierces through the snapping turtle!
The javelin pierces through you!!
You die...

≈.≈≈..≈≈..#.####)[≈≈≈≈≈≈≈≈≈≈#
..........##....(≈≈≈≈≈≈≈≈≈≈≈#
.......)........≈≈≈≈≈≈≈≈≈≈≈≈
....≈.........≈≈≈≈≈≈≈≈≈≈≈≈≈
.##..≈.....≈..≈≈≈≈≈≈≈≈≈≈≈≈
###..≈≈...≈≈#####≈≈≈≈≈≈≈≈
.....≈≈...≈##mm.##≈≈..≈≈≈
......≈≈.≈≈#.m.m.#.....≈
...(....≈≈≈#..kt@#.....
........[..#..Sm.#
..<..≈.....##≈≈E##
....≈≈≈≈....##'##
[[..≈≈≈≈.......
[####...........
)...##..........
#...≈##.........
..≈#≈≈##........


You could see 2 merfolk impalers, 2 merfolk javelineers, a sea snake, a snapping
turtle, a wind drake (repels missiles), a merfolk and a water elemental.

Vanquished Creatures
  Jorgrun (Shoals:1)
  Polyphemus (Shoals:4)
  Ilsuiw (Shoals:4)
  A frost giant (D:15)
  An orc warlord (Orc:2)
  2 entropy weavers (Lair:6)
  Azrael (Orc:2)
  5 merfolk javelineers
  5 merfolk impalers
  Josephine (Orc:2)
  2 vault guards (D:14)
  3 centaur warriors
  2 alligator snapping turtles
  7 hydras
  3 catoblepae (Lair:6)
  5 two-headed ogres
  4 merfolk avatars
  A satyr (Shoals:2)
  4 merfolk aquamancers
  A tengu warrior (Shoals:4)
  6 death yaks (Lair:6)
  5 orc high priests
  A queen ant (Lair:6)
  A deep elf knight (Orc:2)
  Sonja (D:11)
  9 sea snakes
  3 wizards
  5 harpies
  Pikel (D:6)
  5 deep elf magi
  4 orc knights (Orc:2)
  A necromancer (D:14)
  10 ugly things
  13 fauns
  9 manticores
  9 cyclopes
  5 orc sorcerers
  6 elephants (Lair:4)
  4 oklob plants
  15 merfolk sirens
  Psyche (D:12)
  A water nymph (Shoals:2)
  14 spiny frogs
  4 gargoyles
  2 black mambas
  A kobold demonologist (D:14)
  3 rime drakes
  2 yaktaurs
  8 komodo dragons
  A queen bee (D:8)
  8 trolls
  30 merfolk
  A jumping spider (shapeshifter) (D:14)
  2 tengu conjurers
  A polar bear (Lair:2)
  30 blink frogs
  9 wind drakes
  A harpy skeleton (D:15)
  9 dream sheep
  4 slime creatures (D:15)
  A tyrant leech (Lair:3)
  19 snapping turtles
  15 hippogriffs
  9 water elementals
  A shadow (D:15)
  4 wraiths
  32 yaks
  A vampire (D:15)
  6 basilisks
  3 fire elementals (Orc:2)
  Eustachio (D:6)
  19 humans (D:14)
  A steam dragon (D:11)
  7 vampire mosquitoes
  Menkaure (D:7)
  2 hungry ghosts
  2 wargs (Orc:1)
  4 nagas (Lair:4)
  3 swamp worms (Lair:3)
  An acid dragon (D:11)
  13 water moccasins
  3 hell hounds (Orc:2)
  18 soldier ants
  6 porcupines
  3 ice beasts
  18 orc warriors
  5 sky beasts
  A black bear (Lair:5)
  A black bear (shapeshifter) (D:13)
  6 necrophages
  3 phantoms
  12 ogres
  9 centaurs
  13 crocodiles
  A big kobold (D:12)
  17 bullfrogs
  A gnoll sergeant (D:6)
  4 scorpions
  A water moccasin skeleton (D:5)
  19 killer bees
  8 wights
  3 electric eels
  2 howler monkeys
  4 crimson imps
  3 bullfrog zombies
  7 centaur zombies
  3 centaur skeletons
  4 hounds
  4 jellies
  Crazy Yiuf (D:4)
  11 orc priests
  17 orc wizards
  A bullfrog skeleton (D:10)
  Jessica (D:3)
  4 iguanas
  2 hell rats (Lair:2)
  29 worker ants
  A hound zombie (D:8)
  A mummy (D:4)
  A worker ant zombie (D:5)
  7 gnolls
  15 adders
  8 river rats (Lair:2)
  3 shadow imps
  An ooze (D:5)
  2 adder skeletons
  4 worms
  A dart slug (D:3)
  8 leopard geckos
  50 orcs
  8 giant cockroaches
  5 goblins
  7 hobgoblins
  5 quokkas
  3 ball pythons
  A ball python skeleton (D:4)
  7 bats
  9 frilled lizards
  16 kobolds
  A kobold zombie (D:4)
  An orc zombie (D:4)
  A quokka skeleton (D:9)
  4 rats
  A fungus (Lair:4)
  12 plants
869 creatures vanquished.

Vanquished Creatures (others)
  A slave (D:6)
  A human (D:6)
  A jelly (D:6)
  A worker ant (D:6)
  A gnoll (D:6)
  5 fungi
  19 plants
29 creatures vanquished.

Grand Total: 898 creatures vanquished

Notes
Turn   | Place    | Note
-------+----------+-------------------------------------------
     0 | D:1      | vurker the Naga Venom Mage began the quest for the Orb.
     0 | D:1      | Reached XP level 1. HP: 15/15 MP: 3/3
   300 | D:1      | Reached XP level 2. HP: 24/24 MP: 1/5
   349 | D:1      | Learned a level 2 spell: Poisonous Vapours
  1050 | D:1      | Reached XP level 3. HP: 28/30 MP: 1/6
  1266 | D:1      | Reached skill level 1 in Fighting
  1321 | D:1      | Learned a level 3 spell: Ignite Poison
  1609 | D:2      | Found a shimmering blue altar of Sif Muna.
  1729 | D:2      | Found a hazy altar of Hepliaklqana.
  1976 | D:2      | Found an opulent altar of Gozag.
  2392 | D:2      | Reached skill level 5 in Poison Magic
  2603 | D:3      | Noticed Jessica
  2608 | D:3      | Killed Jessica
  2608 | D:3      | Reached skill level 3 in Spellcasting
  2608 | D:3      | Reached XP level 4. HP: 38/38 MP: 3/8
  2817 | D:3      | Found a shattered altar of Ashenzari.
  2868 | D:3      | Reached XP level 5. HP: 17/45 MP: 0/10
  3286 | D:3      | Learned a level 4 spell: Olgreb's Toxic Radiance
  3463 | D:4      | Found a transporter.
  3596 | D:4      | Noticed an ogre
  3604 | D:4      | Killed an ogre
  3604 | D:4      | Reached skill level 1 in Shields
  3604 | D:4      | Reached XP level 6. HP: 16/52 MP: 0/11
  3911 | D:4      | Found a sparkling altar of Nemelex Xobeh.
  3933 | D:4      | Reached skill level 4 in Spellcasting
  3934 | D:4      | Found a sand-covered staircase.
  4063 | D:3      | Learned a level 3 spell: Mephitic Cloud
  4163 | D:4      | Found a runed translucent door.
  4163 | D:4      | Noticed Crazy Yiuf
  4245 | D:4      | Noticed a phantom
  4481 | D:4      | Killed a phantom
  4481 | D:4      | Reached XP level 7. HP: 61/61 MP: 6/13
  4790 | D:4      | Found a transporter.
  5160 | D:4      | Killed Crazy Yiuf
  5160 | D:4      | Reached skill level 1 in Fire Magic
  5305 | D:5      | Entered Level 5 of the Dungeon
  5355 | D:5      | Reached skill level 1 in Air Magic
  5641 | D:5      | Found a white marble altar of Elyvilon.
  5774 | D:5      | Found a shadowy altar of Dithmenos.
  5804 | D:5      | Reached XP level 8. HP: 31/69 MP: 3/15
  6127 | D:5      | Reached skill level 5 in Spellcasting
  6555 | D:5      | Got an ancient leather armour
  6566 | D:5      | Identified the +1 leather armour "Cenel" {rC+} (You found
                  | it on level 5 of the Dungeon)
  6819 | D:5      | You fall into a shaft and drop 3 floors!
  6819 | D:8      | Found a sacrificial altar of Ru.
  7008 | D:6      | Reached skill level 1 in Conjurations
  7180 | D:6      | Noticed Pikel
  7184 | D:6      | Killed Pikel
  7184 | D:6      | Reached XP level 9. HP: 72/78 MP: 3/17
  7427 | D:6      | Reached skill level 6 in Spellcasting
  7579 | D:6      | Found a stormy altar of Qazlal.
  7640 | D:6      | Found a glowing golden altar of the Shining One.
  7644 | D:6      | Noticed Eustachio
  7647 | D:6      | Killed Eustachio
  7684 | D:6      | Found a basalt altar of Yredelemnul.
  7685 | D:6      | Noticed a cyclops
  7693 | D:6      | Killed a cyclops
  7813 | D:6      | Found an ancient bone altar of Kikubaaqudgha.
  8068 | D:6      | Found a runed translucent gate.
  8068 | D:6      | Found a runed translucent gate.
  8068 | D:6      | Noticed p0werm0de's ghost (novice OpFi)
  8069 | D:6      | Found a runed translucent gate.
  8162 | D:6      | Noticed an angel
  8318 | D:7      | Found a staircase to the Ecumenical Temple.
  8360 | D:7      | Noticed Menkaure
  8364 | D:7      | Killed Menkaure
  8396 | Temple   | Entered the Ecumenical Temple
  8422 | Temple   | Became a worshipper of Vehumet
  8488 | D:7      | Reached skill level 5 in Shields
  8488 | D:7      | Reached skill level 10 in Poison Magic
  8675 | D:7      | Found Zustulas's Antique Weapon Shoppe.
  8805 | D:8      | Reached XP level 10. HP: 84/86 MP: 17/20
  8952 | D:8      | Reached skill level 7 in Spellcasting
  8954 | D:8      | Reached skill level 5 in Fighting
  8996 | D:8      | Reached * piety under Vehumet
  8996 | D:8      | Offered knowledge of Foxfire by Vehumet.
  9152 | D:8      | Found a hide-covered altar of Uskayaw.
  9256 | D:8      | Found an ornate altar of the Wu Jian Council.
  9273 | D:8      | Found a glowing silver altar of Zin.
  9689 | D:9      | Noticed Lanoc's ghost (novice HaFE)
  9703 | D:9      | Noticed a two-headed ogre
  9707 | D:9      | Killed a two-headed ogre
  9707 | D:9      | Reached skill level 8 in Spellcasting
  9820 | D:9      | Noticed an unseen horror
  9820 | D:9      | a queen bee changed into an unseen horror
  9825 | D:9      | Found a transporter.
  9876 | D:9      | Noticed a two-headed ogre
  9882 | D:9      | Killed a two-headed ogre
  9882 | D:9      | Reached XP level 11. HP: 96/96 MP: 22/23
 10038 | D:9      | Reached skill level 5 in Conjurations
 10179 | D:9      | Found a shimmering altar of Xom.
 10223 | D:9      | Reached ** piety under Vehumet
 10237 | D:9      | Found an iron altar of Okawaru.
 10237 | D:9      | Found a shadowy altar of Dithmenos.
 10293 | D:9      | Offered knowledge of Sandblast by Vehumet.
 10306 | D:9      | Noticed an unseen horror
 10400 | D:9      | Found a transporter.
 10420 | D:9      | Noticed a glowing orange brain
 10665 | D:9      | Noticed a lindwurm
 10669 | D:10     | Entered Level 10 of the Dungeon
 10713 | D:10     | Reached skill level 9 in Spellcasting
 10834 | D:10     | Noticed a two-headed ogre
 10844 | D:10     | Killed a two-headed ogre
 11519 | D:10     | Found a staircase to the Orcish Mines.
 11720 | D:10     | Offered knowledge of Stone Arrow by Vehumet.
 12028 | D:11     | Noticed a wizard
 12031 | D:11     | Killed a wizard
 12102 | D:11     | Noticed an oklob plant
 12112 | D:11     | Found a staircase to the Lair.
 12112 | D:11     | Noticed an oklob plant
 12655 | D:11     | Reached *** piety under Vehumet
 12655 | D:11     | Reached XP level 12. HP: 96/108 MP: 25/25
 12752 | D:11     | Noticed Sonja
 12773 | D:11     | Killed Sonja
 12773 | D:11     | Reached skill level 10 in Spellcasting
 12942 | D:11     | Learned a level 4 spell: Summon Ice Beast
 12994 | D:11     | Offered knowledge of Airstrike by Vehumet.
 13784 | D:11     | Reached skill level 1 in Ice Magic
 14660 | Lair:1   | Entered Level 1 of the Lair of Beasts
 14964 | Lair:1   | Noticed an eight-headed hydra
 14971 | Lair:1   | Killed an eight-headed hydra
 15307 | Lair:1   | Got a pair of shimmering gloves
 15318 | Lair:1   | Identified the cursed +0 pair of gloves of Panentheism
                  | {*Corrode rC+ Slay+2 SInv} (You found it on level 1 of the
                  | Lair of Beasts)
 15554 | Lair:1   | Found a snail-covered altar of Cheibriados.
 15955 | Lair:2   | Reached **** piety under Vehumet
 16083 | Lair:2   | Offered knowledge of Bolt of Magma by Vehumet.
 16431 | Lair:2   | Gained mutation: You can use your snake-like lower body to
                  | constrict enemies. [Naga growth]
 16431 | Lair:2   | Reached XP level 13. HP: 104/116 MP: 20/27
 16539 | Lair:2   | Reached skill level 11 in Spellcasting
 16677 | Lair:2   | Reached skill level 5 in Ice Magic
 17795 | Lair:3   | Found a staircase to the Shoals.
 18420 | Lair:4   | Reached ***** piety under Vehumet
 18477 | Lair:4   | Offered knowledge of Iron Shot by Vehumet.
 18504 | Lair:4   | Learned a level 6 spell: Iron Shot
 18648 | Lair:4   | Reached skill level 10 in Shields
 18846 | Lair:4   | Reached skill level 1 in Earth Magic
 19435 | Lair:4   | Found a runed translucent door.
 19441 | Lair:4   | Noticed Qata's ghost (journeyman OpVM)
 19708 | Lair:4   | Found a staircase to the Snake Pit.
 20043 | Lair:5   | Found a dark tunnel.
 20727 | Lair:5   | Reached XP level 14. HP: 116/126 MP: 29/29
 20926 | Lair:5   | Learned a level 6 spell: Ozocubu's Refrigeration
 21034 | Lair:6   | Entered Level 6 of the Lair of Beasts
 21497 | Lair:6   | Found a viscous altar of Jiyva.
 21498 | Lair:6   | Found a staircase to the Slime Pits.
 22045 | Lair:6   | Noticed an entropy weaver
 22046 | Lair:6   | Noticed an entropy weaver
 22372 | Lair:6   | Killed an entropy weaver
 22372 | Lair:6   | Offered knowledge of Fireball by Vehumet.
 22372 | Lair:6   | Reached skill level 12 in Spellcasting
 23236 | Lair:6   | Killed an entropy weaver
 23618 | Orc:1    | Entered Level 1 of the Orcish Mines
 24027 | Orc:2    | Entered Level 2 of the Orcish Mines
 24163 | Orc:2    | Noticed Azrael
 24175 | Orc:2    | Killed Azrael
 24457 | Orc:2    | Reached XP level 15. HP: 138/138 MP: 31/31
 24765 | Orc:2    | Offered knowledge of Lightning Bolt by Vehumet.
 24808 | Orc:2    | Found Tawol's Gadget Shop.
 24808 | Orc:2    | Found Maha's Antique Armour Shoppe.
 24810 | Orc:2    | Found Riwatt's Magic Scroll Shop.
 24810 | Orc:2    | Found Diut's Weapon Shoppe.
 24818 | Orc:2    | Bought a scroll of teleportation for 42 gold pieces
 24821 | Orc:2    | Bought a shiny helmet for 255 gold pieces
 24922 | Orc:2    | Found a staircase to the Elven Halls.
 24937 | Orc:2    | Noticed an orc warlord
 24945 | Orc:2    | Killed an orc warlord
 25188 | Orc:2    | Found Exijit's Jewellery Shop.
 25463 | Orc:2    | Noticed Josephine
 25473 | Orc:2    | Killed Josephine
 26362 | D:12     | You fall into a shaft and drop 3 floors!
 26362 | D:15     | Entered Level 15 of the Dungeon
 26390 | D:15     | Reached skill level 10 in Fighting
 26549 | D:15     | Reached skill level 5 in Earth Magic
 26947 | D:15     | Found a runed translucent gate.
 26948 | D:15     | Found a runed translucent gate.
 26948 | D:15     | Noticed Yorgos's ghost (journeyman GnFi)
 26949 | D:15     | Noticed a frost giant
 26950 | D:15     | Found a runed translucent gate.
 26952 | D:15     | Found an iron altar of Okawaru.
 27116 | D:14     | Offered knowledge of Starburst by Vehumet.
 27116 | D:14     | Reached skill level 5 in Dodging
 27352 | D:14     | Found a gate to the Vaults.
 27357 | D:14     | Reached skill level 13 in Spellcasting
 27509 | D:14     | Found a runed translucent door.
 27509 | D:14     | Noticed FrogZ's ghost (journeyman DsBe)
 27510 | D:14     | Identified the +3 spear "Miutod" {elec, *Slow rF+++ MR++
                  | Int+4}
 27549 | D:14     | Found Litupuup's Assorted Antiques.
 27865 | D:13     | Reached XP level 16. HP: 113/146 MP: 27/33
 28000 | D:13     | Reached skill level 10 in Ice Magic
 28244 | D:12     | Noticed Psyche
 28248 | D:12     | Killed Psyche
 28509 | D:13     | Found a glowing golden altar of the Shining One.
 29262 | D:14     | Found a portal to a secret trove of treasure.
 29804 | D:15     | Found a staircase to the Depths.
 30522 | Shoals:1 | Entered Level 1 of the Shoals
 30522 | Shoals:1 | Noticed Jorgrun
 30531 | Shoals:1 | Killed Jorgrun
 30726 | Shoals:1 | Reached skill level 10 in Conjurations
 31551 | Shoals:1 | Found Qimpuenlot's Antique Weapon Boutique.
 33690 | Shoals:3 | Reached skill level 14 in Spellcasting
 33694 | Shoals:3 | HP: 5/146 [faun/stone (23)]
 34190 | Shoals:3 | Reached ****** piety under Vehumet
 34194 | Shoals:3 | Reached XP level 17. HP: 153/153 MP: 20/35
 34783 | Shoals:3 | Found Wumoaf's Distillery.
 35073 | Shoals:3 | Bought a potion of haste for 200 gold pieces
 35118 | Shoals:3 | Offered knowledge of Orb of Destruction by Vehumet.
 35142 | Shoals:3 | Learned a level 7 spell: Orb of Destruction
 35547 | Shoals:4 | Entered Level 4 of the Shoals
 35547 | Shoals:4 | Noticed Polyphemus
 35587 | Shoals:4 | Noticed Ilsuiw
 35988 | Shoals:4 | Identified the cursed +1 halberd of Inank {vorpal, MR+
                  | Dex+4}
 36452 | Shoals:4 | Identified the cursed +0 battleaxe of Ibahejua {vorpal,
                  | rPois rN++ Int-5 Stlth+}
 36606 | Shoals:4 | Killed Ilsuiw
 36801 | Shoals:4 | Killed Polyphemus
 36939 | Shoals:4 | HP: 2/153 [water elemental (6)]
 36940 | Shoals:4 | Hit by a javelin thrown by a merfolk javelineer

Illustrated notes

Levels and vault maps discovered:
D:1:      lightli_arrival_statuegarden, layout_loops_corners, serial_glass,
          glass_columns_a, glass_columns_a, glass_columns_a, glass_columns_b,
          glass_columns_a, glass_columns_a, glass_columns_b, glass_columns_c,
          glass_columns_a, glass_columns_a, glass_columns_b, glass_columns_a,
          glass_columns_a, glass_columns_a, minmay_three_crescents
D:2:      layout_basic, nicolae_overflow_crystal_walls, lemuel_crystal_altar,
          lemuel_coloured_pillars_altar
D:3:      layout_rooms, ashenzari_conservatory_becter, uniq_jessica
D:4:      gammafunk_wand_slinger, layout_rooms,
          nemelex_xobeh_ov_fountains_minmay, nicolae_ossuary_entry_giza,
          uniq_crazy_yiuf_cottage
D:5:      layout_loops_ring, old_standard_altar, first_ration,
          nicolae_dithmenos_shadow_blocks
D:6:      layout_cave_pools, grunt_temple_overflow_holy_war,
          grunt_qazlal_sundering, ebering_ghost_rock_garden, tgw_kikubaaqudgha,
          uniq_eustachio, uniq_pikel
D:7:      layout_gridville, minmay_temple_entry_poolview, serial_shops, shop,
          dk_noncrumbling_4, uniq_menkaure
D:8:      layout_rooms, lemuel_round_altar, old_standard_altar,
          nicolae_overflow_hidden_temple, basic_altar, david_nohive_1
D:9:      layout_rooms, kennysheep_little_box, minitemple, gammafunk_ghost_arena
D:10:     layout_gridville, orc_0_dummy, serial_park_tiny_2
D:11:     layout_long_grid, dpeg_oklobed_lair, uniq_sonja
D:12:     layout_roguey, uniq_psyche
D:13:     layout_roguey, basic_altar
D:14:     layout_cave_pools, grunt_vaults_entry_tiered,
          ebering_ghost_funeral_grove, enter_trove_2, serial_shops, shop,
          minmay_misc_feat_four_crosses
D:15:     grunt_enter_depths_snipers, layout_loops_ring, minivault_14,
          gammafunk_ghost_fury_of_okawaru
Temple:   corrupted_temple
Lair:1:   layout_chaotic_city, basic_altar, minivault_24, grunt_megastairs_2,
          minmay_lair_oklob_chamber, serial_bayou_shore_a
Lair:2:   layout_chaotic_city, portal_ice_cave_rime, kennysheep_rathole,
          serial_bayou_shore_b
Lair:3:   layout_chaotic_city, shoals_dummy_entry, serial_bayou,
          serial_bayou_pond_a, serial_bayou_pond_c, serial_bayou_pond_e,
          serial_bayou_pond_e, worms_lemuel, grunt_megastairs_5,
          lemuel_fruit_tree
Lair:4:   layout_roguey, minmay_snake_entry_guardpost_medium,
          ebering_ghost_inner_flame
Lair:5:   layout_hall_layers, enter_volcano_1, roderic_carrion_pond,
          infiniplex_staircase_pool
Lair:6:   evilmike_catoblepas_cave, layout_cellular_growth, slime_altar_1,
          zaba_antful_of_joy, infiniplex_staircase_pool_2
Shoals:1: layout_shoals, serial_shops, shop, uniq_jorgrun
Shoals:2: layout_shoals, hangedman_shoals_cup_caves
Shoals:3: layout_shoals, serial_shops, shop_fountains
Shoals:4: shoals_end_simple, layout_shoals, shoals_ilsuiw_alternative,
          kb_tengu_band, uniq_polyphemus
Orc:1:    layout_caves, enter_bailey_4
Orc:2:    grunt_orc_tribal_feast, layout_diamond_mine, serial_shops, shop,
          abandoned_shop, nicolae_orc_jurassic_orc, elf_legates, uniq_josephine,
          uniq_azrael

Skill      XL: |  1  2  3  4  5  6  7  8  9 10 11 12 13 14 15 16 17 |
---------------+----------------------------------------------------+-----
Fighting       | 1 2 3 4 6 7 8 9 10 | 10.0
Poison Magic   | 5 6 7 9 10 | 10.0
Spellcasting   | 3 4 5 6 8 9 10 11 12 13 14 | 14.7
Shields        | 1 2 4 5 7 8 9 10 11 12 13 | 13.3
Fire Magic     | 1 2 |  2.0
Air Magic      | 1 2 |  2.0
Conjurations   | 1 3 4 6 7 8 9 10 | 10.0
Ice Magic      | 4 6 8 9 11 | 11.5
Dodging        | 2 4 5 |  5.0
Earth Magic    | 2 4 5 7 8 |  8.0
Stealth        | |  3.0
Transmutations | |  1.0

Action                   |  1- 3 |  4- 6 |  7- 9 | 10-12 | 13-15 | 16-18 || total
-------------------------+-------+-------+-------+-------+-------+-------++-------
Melee: Short sword       |    17 |    45 |     5 |       |       |       ||    67
       Unarmed           |     1 |       |       |       |       |       ||     1
       Quarterstaff      |       |       |    72 |    83 |       |       ||   155
       Dagger            |       |       |       |   111 |   237 |   104 ||   452
       Constrict         |       |       |       |       |    52 |    17 ||    69
 Cast: Sting             |    68 |    45 |    84 |    34 |     1 |       ||   232
       Poisonous Vapours |     2 |    15 |    36 |   135 |   263 |   307 ||   758
       Ignite Poison     |       |     5 |    21 |    68 |   127 |   117 ||   338
       Mephitic Cloud    |       |     6 |    16 |    56 |    58 |    14 ||   150
       Olgreb's Toxic Ra |       |       |     3 |    43 |   203 |   111 ||   360
       Ozocubu's Refrige |       |       |       |       |    16 |    41 ||    57
       Iron Shot         |       |       |       |       |     1 |       ||     1
 Abil: Spit Poison       |     3 |     3 |     2 |       |       |       ||     8
Evoke: Wand              |       |       |       |     2 |     9 |     9 ||    20
       Phantom mirror    |       |       |       |       |       |     2 ||     2
  Use: Potion            |       |     1 |       |       |     2 |     6 ||     9
       Scroll            |       |       |    14 |     6 |    17 |     4 ||    41
 Stab: Sleeping          |       |       |     1 |     3 |       |     1 ||     5
       Confused          |       |       |       |     1 |       |       ||     1
       Petrified         |       |       |       |       |     3 |       ||     3
  Eat: Chunk             |     5 |     5 |    11 |    12 |    33 |    29 ||    95
       Ration            |       |       |     1 |     3 |     1 |     1 ||     6
Armor: Robe              |    12 |    15 |    22 |    58 |    86 |    51 ||   244
Dodge: Dodged            |    36 |    76 |   106 |   152 |   113 |    74 ||   557
Block: Tower shield      |       |       |       |   125 |   312 |   227 ||   664
       Kite shield       |       |       |       |    14 |       |       ||    14

Table legend:
 A = Non-vault XP
 B = Vault XP
 C = Vault XP percentage of total XP
 D = Non-vault monster count
 E = Vault monster count
 F = Vault count percentage of total count
                 A         B        C        D         E       F
            +---------+---------+-------+---------+---------+-------
      Total |  136363 |   81057 |  37.3 |     621 |     235 |  27.5
            +---------+---------+-------+---------+---------+-------
        D:1 |      34 |       8 |  19.0 |      23 |       6 |  20.7
        D:2 |      29 |       0 |   0.0 |      10 |       0 |   0.0
        D:3 |      97 |      37 |  27.6 |      20 |       1 |   4.8
        D:4 |     663 |      61 |   8.4 |      19 |       4 |  17.4
        D:5 |     948 |       0 |   0.0 |      24 |       0 |   0.0
        D:6 |    1275 |     799 |  38.5 |      21 |       2 |   8.7
        D:7 |     440 |     175 |  28.5 |       6 |       1 |  14.3
        D:8 |     530 |    1150 |  68.5 |      15 |      14 |  48.3
        D:9 |    5150 |       0 |   0.0 |      33 |       0 |   0.0
       D:10 |    5002 |       0 |   0.0 |      32 |       0 |   0.0
       D:11 |    3961 |    2414 |  37.9 |      34 |       4 |  10.5
       D:12 |    2413 |     424 |  14.9 |      26 |       1 |   3.7
       D:13 |    4549 |       0 |   0.0 |      11 |       0 |   0.0
       D:14 |    7723 |    7939 |  50.7 |      28 |      25 |  47.2
       D:15 |   11189 |    2963 |  20.9 |      32 |       3 |   8.6
     Lair:1 |    2129 |     698 |  24.7 |      12 |       2 |  14.3
     Lair:2 |    8743 |     902 |   9.4 |      36 |      12 |  25.0
     Lair:3 |    1297 |    1621 |  55.6 |       8 |       7 |  46.7
     Lair:4 |   11055 |     652 |   5.6 |      34 |       4 |  10.5
     Lair:5 |    4640 |     607 |  11.6 |      19 |       5 |  20.8
     Lair:6 |    6996 |   18332 |  72.4 |      22 |      57 |  72.2
   Shoals:1 |   10369 |    3059 |  22.8 |      26 |       1 |   3.7
   Shoals:2 |   16379 |    6118 |  27.2 |      36 |      12 |  25.0
   Shoals:3 |   18498 |       0 |   0.0 |      35 |       0 |   0.0
   Shoals:4 |    8596 |   16213 |  65.4 |      21 |      22 |  51.2
      Orc:1 |    2469 |       0 |   0.0 |      12 |       0 |   0.0
      Orc:2 |    1189 |   16885 |  93.4 |      26 |      52 |  66.7
            +---------+---------+-------+---------+---------+-------
